 Dungeon Crawl Stone Soup version 0.29.1-2-gbd0b4ee654 (webtiles) character file.

Game seed: 2157111783870714295

51 Godmorgon the Gusty (level 3, -7/19 HPs)
             Began as a Tengu Air Elementalist on Oct 24, 2022.
             Killed by nerve-wracking pain
             ... invoked by Jessica
              (13 damage)
             ... on level 2 of the Dungeon.
             The game lasted 00:07:58 (2194 turns).

Godmorgon the Gusty (Tengu Air Elementalist)        Turns: 2194, Time: 00:07:59

Health: -7/19      AC:  2    Str:  8    XL:     3   Next: 83%
Magic:  1/7        EV: 12    Int: 17    God:
Gold:   128        SH:  0    Dex: 14    Spells: 3/6 levels left

rFire   . . .      SeeInvis .   a - +0 dagger
rCold   . . .      Faith    .   (no shield)
rNeg    . . .      Spirit   .   c - +0 robe
rPois   .          Reflect  .   (helmet restricted)
rElec   .          Harm     .   (no cloak)
rCorr   .          Rampage  .   (no gloves)
Will    .....                   (boots unavailable)
Stlth   ++........              (no amulet)
HPRegen 0.06/turn               (no ring)
MPRegen 0.10/turn               (no ring)

@: very slightly contaminated
A: beak, talons 3
a: no special abilities


You were on level 2 of the Dungeon.
You visited 1 branch of the dungeon, and saw 2 of its levels.

You collected 128 gold pieces.

Inventory:

Hand Weapons
 a - a +0 dagger (weapon)
Missiles
 d - 2 poisoned darts (quivered)
Armour
 c - a +0 robe (worn)
 e - a +0 kite shield
Jewellery
 m - an amulet of faith
Scrolls
 f - a scroll of poison {unknown}
 h - 2 scrolls of identify {unknown}
 i - a scroll of blinking {unknown}
 j - a scroll of magic mapping {unknown}
Potions
 b - a potion of magic
 g - 2 potions of curing {unknown}
 k - a potion of lignification {unknown}
 l - a potion of berserk rage {unknown}
 n - a potion of attraction {unknown}


   Skills:
 - Level 2.1 Dodging
 - Level 2.0 Stealth
 * Level 1.1 Shields
 + Level 2.4 Spellcasting
 + Level 2.4 Conjurations
 * Level 5.0 Air Magic


You had 3 spell levels left.
You knew the following spells:

 Your Spells              Type           Power      Damage    Failure   Level
d - Static Discharge      Conj/Air       14%        3-5/arc   6%          2
s - Shock                 Conj/Air       56%        1d6       4%          1

Your spell library contained the following spells:

 Spells                   Type           Power      Damage    Failure   Level
 Swiftness                Air            19%        N/A       7%          3
 Necrotise                Necr           8%         1d4       19%         1
 Airstrike                Air            9%         2d(2-18)  24%         4
 Agony                    Necr           2%         N/A       99%         5
 Borgnjor's Vile Clutch   Necr/Erth      1%         N/A       99%         5


Dungeon Overview and Level Annotations

Branches:
Dungeon (2/15)

Altars:

Shops:
D:1 :

Annotations:
D:2 Jessica


Innate Abilities, Weirdness & Mutations

You have a beak for a mouth.
You have claws for feet.


Message History

Press: ? - help, Shift-Dir - straight line, f - kobold
Aim: a kobold, wielding a +0 hand axe and quivering stones (wandering, hasn't noticed you, 64% to hit)
The zap hits the kobold.
You kill the kobold!
Jessica the Apprentice Sorceress comes into view.
She is wielding a +0 club.
Found a club.
Jessica shouts!
You see here a hobgoblin corpse.
Press: ? - help, v - describe, . - travel
Here: Jessica, wielding a +0 club and wearing a +0 robe The floor.
An adder comes into view.
Jessica hits you with a +0 club.
You see here a hobgoblin corpse.
Casting: Shock (safe; 4% risk of failure)
Confirm with . or Enter, or press ? or * to list all spells.
You miscast Static Discharge.
You are very lightly contaminated with residual magic.
Nothing appears to happen.
Jessica gestures at you while chanting.
You barely resist.
Casting: Static Discharge (safe; 6% risk of failure)
Confirm with . or Enter, or press ? or * to list all spells.
Jessica is struck by an arc of lightning.
Jessica is severely wounded.
You are struck by an arc of lightning.
Jessica is struck by an arc of lightning.
Jessica is almost dead.
The lightning grounds out.
Jessica hits you with a +0 club.
Casting: Static Discharge (safe; 6% risk of failure)
Confirm with . or Enter, or press ? or * to list all spells.
You don't have enough magic to cast this spell.
Casting: Static Discharge (safe; 6% risk of failure)
Confirm with . or Enter, or press ? or * to list all spells.
You don't know that spell.
Unknown command.
Jessica gestures at you while chanting. Pain shoots through your body!
Ouch! That really hurt!
You die...

......##.# ......##.#
....# ......##.#
#...)## ......##.#
....... ......##.#
..... ......##.# ....
......'..# .)#
......#############..#
................@.@..#
####################.#
#


You could see Jessica.

Vanquished Creatures
  4 ball pythons
  7 bats
  6 endoplasms
  5 goblins (D:1)
  4 hobgoblins
  5 jackals (D:1)
  6 kobolds
  A quokka (D:1)
  2 frilled lizards
  6 rats
46 creatures vanquished.

Vanquished Creatures (others)
  2 plants (D:1)
2 creatures vanquished.

Grand Total: 48 creatures vanquished

Notes
Turn   | Place    | Note
-------+----------+-------------------------------------------
     0 | D:1      | Godmorgon the Tengu Air Elementalist began the quest for
                  | the Orb.
     0 | D:1      | Reached XP level 1. HP: 10/10 MP: 4/4
   121 | D:1      | Reached XP level 2. HP: 15/15 MP: 0/6
   124 | D:1      | Learned a level 2 spell: Static Discharge
   663 | D:1      | Got the Volume of Despicable Liturgies
   696 | D:1      | Reached XP level 3. HP: 9/19 MP: 4/7
  1350 | D:1      | Found Libites's Book Emporium.
  1665 | D:2      | Reached skill level 1 in Shields
  1704 | D:2      | Reached skill level 5 in Air Magic
  2187 | D:2      | Noticed Jessica
  2194 | D:2      | Killed from afar by Jessica

Illustrated notes

Levels and vault maps discovered:
D:1:      tarquinn_simple_flora_water_e, layout_rooms, serial_shops,
          nicolae_shop_advertising_works [nicolae_subvault_shop_adworks],
          serial_bayou_pond_e, feat_on_display
D:2:      layout_basic, uniq_sigmund, uniq_jessica

Skill      XL: |  1  2  3 |
---------------+----------+-----
Conjurations   | 2 |  2.4
Shields        | 1 |  1.1
Air Magic      | 5 |  5.0
Dodging        | |  2.1
Stealth        | |  2.0
Spellcasting   | |  2.4

Action                   || total
-------------------------++-------
Melee: Club              ||     2
       Unarmed           ||     2
       Peck              ||     2
       Dagger            ||     5
       Kick              ||     3
Throw: Dart              ||     2
 Cast: Shock             ||    43
       Static Discharge  ||    25
Armor: Robe              ||     3
Dodge: Dodged            ||     8
